 Dungeon Crawl Stone Soup version 0.31-a0-210-gccc998df9b (webtiles) character file.

Game seed: 8013128395048167212

7331 qw the Cleaver (level 11, -9/71 HPs)
             Began as a Gargoyle Fighter on June 29, 2023.
             Was an Elder of Okawaru.
             Mangled by Psyche
             ... wielding a +3 dagger of distortion
              (18 damage)
             ... on level 9 of the Dungeon.
             The game lasted 00:04:01 (7809 turns).

qw the Cleaver (Gargoyle Fighter)                   Turns: 7809, Time: 00:04:02

Health: -9/71      AC:  0    Str: 25    XL:     11   Next: 13%
Magic:  13/14      EV: 15    Int:  8    God:    Okawaru [****..]
Gold:   273        SH:  0    Dex:  9    Spells: 10/10 levels left

rFire   . . .        a - melded +7 war axe of Anger {vamp, rN+ Int+3}
rCold   . . .        c - melded +0 buckler
rNeg    + . .        f - melded +0 plate armour
rPois   inf          l - melded +0 helmet
rElec   .            n - melded +0 cloak
rCorr   .            (gloves currently unavailable)
SInv    .            (boots currently unavailable)
Will    .....        p - amulet of faith
Stlth   +++          k - melded ring of Zin's Wrath {Will+ Int+3}
HPRegen 0.31/turn    g - melded ring of protection from cold
MPRegen 0.14/turn

%: faith
@: pig-form, heroic, hasted, very quick
A: fast, no casting, sickness immunity, AC +8, small, negative energy resistance
1, (electricity resistance), torment resistance 1, petrification resistance,
(talons 1)
a: Renounce Religion, Heroism, Finesse


You were on level 9 of the Dungeon.
You worshipped Okawaru.
Okawaru was greatly pleased with you.
You were a filthy swine.
You visited 2 branches of the dungeon, and saw 10 of its levels.
You also visited: Sewer.

You collected 371 gold pieces.
You spent 98 gold pieces at shops.


Innate Abilities, Weirdness & Mutations

You are a filthy swine.
You move quickly.
Your equipment is almost entirely melded.
You are incapable of wielding weapons or throwing items.
You cannot cast spells.
You are immune to sickness and miasma.
((Your stone body is resilient. (AC +8)))
You are immune to poison.
You resist negative energy. (rN+)
((You are resistant to electric shocks. (rElec)))
You are resistant to unholy torment.
You are immune to petrification.
((You have sharp toenails.))


   Skills:
 - Level 9.1(14.1) Fighting
 - Level 11.2(16.2) Axes
 - Level 1.8(6.8) Throwing
 + Level 7.0(12.0) Armour
 - Level 1.2(6.2) Dodging
 - Level 5.3(10.3) Shields
 + Level 5.2 Invocations


You had 10 spell levels left.
You didn't know any spells.
Your spell library was empty.

Inventory:

Hand Weapons
 a - the +7 war axe of Anger (melded) {vamp, rN+ Int+3}
   (You found it on level 4 of the Dungeon)

   Int:       It affects your intelligence (+3).
   rN:        It protects you from negative energy.
 b - a +2 war axe
 u - a +1 flail of protection
Missiles
 o - 4 boomerangs (quivered)
Armour
 c - a +0 buckler (melded)
 f - a +0 plate armour (melded)
 l - a +0 helmet (melded)
 n - a +0 cloak (melded)
 t - a +0 pair of boots
Jewellery
 g - a ring of protection from cold (melded)
 k - the ring of Zin's Wrath (melded) {Will+ Int+3}
   (You found it on level 5 of the Dungeon)

   [ring of willpower]

   Int:       It affects your intelligence (+3).
   Will:      It increases your willpower.
 p - an amulet of faith (around neck)
 r - the amulet "Qeosos" {Acrobat Harm rC++}
   (You acquired it on level 7 of the Dungeon)

   [amulet of the acrobat]

   It increases your evasion while moving and waiting.
   rC:        It greatly protects you from cold.
   Harm:      It increases damage dealt and taken.
 v - a +6 ring of dexterity
Scrolls
 e - 2 scrolls of identify
 q - a scroll of teleportation
Potions
 d - 3 potions of might
 h - a potion of resistance
 i - 2 potions of attraction
 j - 2 potions of curing
 m - a potion of mutation
 s - a potion of heal wounds

Dungeon Overview and Level Annotations

Branches:
Dungeon (9/15)             Temple (1/1) D:6           Sewer (visited)
   Lair: D:8-11         Orc: D:9-12

Altars:
Ashenzari
Cheibriados
Dithmenos
Elyvilon
Fedhas
Gozag
Hepliaklqana
Kikubaaqudgha
Makhleb
Okawaru
Qazlal
Ru
Sif Muna
Trog
Uskayaw
Vehumet
Wu Jian
Xom
Yredelemnul
Zin
The Shining One

Shops:
D:4 *

Annotations:
D:5 exclusion: ufetubus
D:7 2 transporters
D:9 Psyche


Message History

You swing at nothing.
You swing at nothing.
You hear some strange, mumbled words.
A swirling arc of seething chaos appears!
An arc of chaos appears from out of thin air!
The arc of chaos hits you!
Something tries to affect you, but you resist.
You barely miss something.
You hear some strange, mumbled words.
You swing at nothing.
You hear some strange, mumbled words.
A swirling arc of seething chaos appears!
An arc of chaos appears from out of thin air!
The arc of chaos hits you!
You feel yourself speed up. Something hits you!
You blink.
Found 7 stones and a chain mail.
Enter note:
Enter note:
Enter note:
Enter note:
Enter note:
Enter note:
Enter note:
Enter note:
Enter note: You swing at nothing.
You swing at nothing.
You hit something. You barely miss something. Something hits you.
You blink.
You swing at nothing.
You swing at nothing.
You miss something. You bite something! Something hits you!
Space warps horribly around you!
You hit something. Something hits you! Space warps horribly around you!!
You miss something. You hit something but do no damage. Something hits you.
Space warps horribly around you!!
You die...

...$.....#########.#####
.........##(........#...
.[.......##.#######.#.#.
.........##.....#...#.#.
(........#..###.#.#####.
................#(%..../
.........########.######
.........# #.#
.......h.# #.#
##+####### #.# #.# #.#
#######'######
#............#
#............#
+............'
#............#


There were no monsters in sight!

Vanquished Creatures
  A two-headed ogre (D:9)
  Pikel (D:5)
  16 yaks
  2 wyverns
  A steam dragon (D:8)
  3 water moccasins
  An acid dragon (D:8)
  Duvessa (D:5)
  3 orc warriors
  3 sky beasts
  2 ice beasts
  2 ogres
  3 centaurs
  A phantom (D:4)
  3 kobold brigands
  8 bullfrogs
  2 scorpions
  Dowan (D:5)
  A vampire bat (D:7)
  A jelly (D:8)
  4 hounds
  6 orc priests
  A sleepcap (D:8)
  2 iguanas
  7 orc wizards
  Ijyb (D:5)
  A gnoll (D:3)
  15 adders
  2 shadow imps
  3 white imps
  An ufetubus (D:5)
  3 worms
  6 dart slugs
  19 orcs
  9 ball pythons
  10 bats
  6 endoplasms
  13 giant cockroaches
  6 goblins
  5 hobgoblins
  16 kobolds
  5 quokkas
  12 frilled lizards
  8 rats
217 creatures vanquished.

Notes
Turn   | Place    | Note
-------+----------+-------------------------------------------
     0 | D:1      | qw the Gargoyle Fighter began the quest for the Orb.
     0 | D:1      | Reached XP level 1. HP: 14/14 MP: 1/1
     0 | D:1      | 0 ||| qw: Version: 0.3-a-24-ga2abf7b
     0 | D:1      | 0 ||| qw: Game counter: 7012
     0 | D:1      | 0 ||| qw: Melee chars always use a shield: true
     0 | D:1      | 0 ||| qw: God list: Okawaru
     0 | D:1      | 0 ||| qw: Allow faded altars: false
     0 | D:1      | 0 ||| qw: Do Orc after clearing Dungeon:15 true
     0 | D:1      | 0 ||| qw: Do second Lair branch before Depths: true
     0 | D:1      | 0 ||| qw: Lair rune preference: random
     0 | D:1      | 0 ||| qw: Goals: Normal, Zot:1-4, Slime:5, God:TSO, Crypt,
                  | Tomb, Abyss, Pan, Hells, Win
     0 | D:1      | 0 ||| PLANNING D:1-11
    38 | D:1      | Reached skill level 2 in Axes
    41 | D:1      | 41 ||| Stepping ~*~*~tactically~*~*~ (hiding).
    42 | D:1      | 42 ||| Stepping ~*~*~tactically~*~*~ (hiding).
   191 | D:1      | Reached XP level 2. HP: 19/19 MP: 2/2
   227 | D:1      | 227 ||| Stepping ~*~*~tactically~*~*~ (hiding).
   228 | D:1      | 228 ||| Stepping ~*~*~tactically~*~*~ (hiding).
   229 | D:1      | 229 ||| Stepping ~*~*~tactically~*~*~ (hiding).
   232 | D:1      | 232 ||| Stepping ~*~*~tactically~*~*~ (hiding).
   363 | D:1      | 363 ||| DROPPING +0 whip.
   836 | D:1      | Reached skill level 3 in Axes
   906 | D:1      | Reached XP level 3. HP: 22/23 MP: 3/3
  1010 | D:1      | Found a faded altar of an unknown god.
  1119 | D:1      | 1119 ||| UPGRADING to +0 plate armour.
  1129 | D:1      | 1129 ||| DROPPING +0 scale mail.
  1130 | D:1      | 1130 ||| UPGRADING to +0 cloak.
  1135 | D:1      | 1135 ||| READING scroll labelled RILIPE KAMMA.
  1136 | D:1      | 1136 ||| READING 2 scrolls labelled QICKIB QE QUOJ.
  1137 | D:1      | 1137 ||| READING scroll labelled ODOUCE ZAZXENA.
  1138 | D:1      | 1138 ||| READING 2 scrolls labelled QANTAALYU NAIR.
  1139 | D:1      | 1139 ||| READING scroll of enchant weapon.
  1139 | D:1      | 1139 ||| ENCHANTING +1 war axe.
  1140 | D:1      | 1140 ||| READING scroll labelled XIOPAC ANIOTOLIT.
  1141 | D:1      | 1141 ||| READING scroll labelled TATUGONNAI.
  1145 | D:1      | 1145 ||| DROPPING scroll of immolation.
  1315 | D:2      | 1315 ||| Stepping ~*~*~tactically~*~*~ (stealth).
  1386 | D:2      | 1386 ||| Stepping ~*~*~tactically~*~*~ (stealth).
  1449 | D:2      | Reached XP level 4. HP: 28/28 MP: 4/4
  1502 | D:2      | Reached skill level 4 in Axes
  1597 | D:2      | 1597 ||| Stepping ~*~*~tactically~*~*~ (hiding).
  1870 | D:2      | 1870 ||| DROPPING ring of flight.
  1995 | D:3      | 1995 ||| Stepping ~*~*~tactically~*~*~ (hiding).
  1996 | D:3      | 1996 ||| Stepping ~*~*~tactically~*~*~ (hiding).
  2306 | D:3      | Found a radiant altar of Vehumet.
  2530 | D:3      | Reached XP level 5. HP: 32/32 MP: 5/5
  2535 | D:3      | 2535 ||| Stepping ~*~*~tactically~*~*~ (hiding).
  2541 | D:3      | Found a shimmering blue altar of Sif Muna.
  2643 | D:3      | Found a bloodstained altar of Trog.
  2811 | D:3      | 2811 ||| READING scroll labelled AMPEREI YBUIKIURR.
  2832 | D:4      | 2832 ||| Stepping ~*~*~tactically~*~*~ (hiding).
  2832 | D:4      | Noticed an ogre
  2833 | D:4      | 2833 ||| Stepping ~*~*~tactically~*~*~ (stealth).
  2838 | D:4      | HP: 3/32 [ogre/+0 giant club (11)]
  2839 | D:4      | Killed an ogre
  2840 | D:4      | Reached skill level 5 in Axes
  2885 | D:4      | Reached XP level 6. HP: 18/37 MP: 6/6
  2916 | D:4      | 2916 ||| Stepping ~*~*~tactically~*~*~ (stealth).
  2920 | D:4      | 2920 ||| Stepping ~*~*~tactically~*~*~ (stealth).
  2924 | D:4      | 2924 ||| Stepping ~*~*~tactically~*~*~ (stealth).
  2927 | D:4      | 2927 ||| Stepping ~*~*~tactically~*~*~ (stealth).
  2965 | D:4      | Identified the +7 war axe of Anger {vamp, rN+ Int+3}
  2967 | D:4      | 2967 ||| SWAPPING to +7 war axe of Anger {vamp, rN+ Int+3}.
  3039 | D:4      | 3039 ||| Stepping ~*~*~tactically~*~*~ (hiding).
  3049 | D:4      | Reached skill level 1 in Throwing
  3081 | D:4      | Reached XP level 7. HP: 41/43 MP: 7/7
  3116 | D:4      | Found a hide-covered altar of Uskayaw.
  3116 | D:4      | Found a snail-covered altar of Cheibriados.
  3253 | D:4      | Found Bofrusev's General Store.
  3254 | D:4      | Identified the +12 dagger "Riommor" {freeze, MP+9 Dex+5}
  3272 | D:4      | 3272 ||| SHOPLISTING 2 scrolls of enchant armour (210 gold,
                  | have 108).
  3272 | D:4      | 3272 ||| BUYING potion of attraction (42 gold).
  3272 | D:4      | Bought a potion of attraction for 42 gold pieces
  3272 | D:4      | 3272 ||| BUYING scroll of identify (28 gold).
  3272 | D:4      | Bought a scroll of identify for 28 gold pieces
  3272 | D:4      | 3272 ||| BUYING scroll of identify (28 gold).
  3272 | D:4      | Bought a scroll of identify for 28 gold pieces
  3272 | D:4      | 3272 ||| SHOPLISTING scroll of teleportation (42 gold, have
                  | 10).
  3305 | D:4      | Reached skill level 6 in Axes
  3326 | D:4      | 3326 ||| READING 3 scrolls of identify.
  3326 | D:4      | 3326 ||| IDENTIFYING purple potion
  3327 | D:4      | 3327 ||| READING 2 scrolls of identify.
  3327 | D:4      | 3327 ||| IDENTIFYING emerald potion
  3328 | D:4      | 3328 ||| DROPPING potion of degeneration.
  3359 | D:5      | Entered Level 5 of the Dungeon
  3359 | D:5      | Found a hazy altar of Hepliaklqana.
  3362 | D:5      | Noticed Pikel
  3365 | D:5      | 3365 ||| Stepping ~*~*~tactically~*~*~ (stealth).
  3375 | D:5      | Killed Pikel
  3376 | D:5      | Reached skill level 6 in Armour
  3376 | D:5      | Reached XP level 8. HP: 48/48 MP: 8/8
  3451 | D:5      | Identified the ring of Zin's Wrath {Will+ Int+3}
  3504 | D:5      | Noticed Dowan
  3505 | D:5      | Noticed Duvessa
  3516 | D:5      | Killed Dowan
  3523 | D:5      | HP: 6/48 [Duvessa/+0 rapier (12)]
  3524 | D:5      | Killed Duvessa
  3634 | D:5      | 3634 ||| FLEEEEING.
  3635 | D:5      | 3635 ||| FLEEEEING.
  3636 | D:5      | 3636 ||| FLEEEEING.
  3637 | D:5      | 3637 ||| FLEEEEING.
  3638 | D:5      | 3638 ||| FLEEEEING.
  3687 | D:5      | 3687 ||| Stepping ~*~*~tactically~*~*~ (stealth).
  3693 | D:5      | Reached skill level 7 in Axes
  3705 | D:5      | 3705 ||| Stepping ~*~*~tactically~*~*~ (stealth).
  3725 | D:5      | Found a burning altar of Makhleb.
  3726 | D:5      | 3726 ||| UPGRADING to ring of Zin's Wrath {Will+ Int+3}.
  3727 | D:5      | 3727 ||| READING scroll labelled IDIKORCHO OSUTU.
  3730 | D:5      | 3730 ||| DRINKING 2 fuming black potions.
  3810 | D:5      | 3810 ||| Stepping ~*~*~tactically~*~*~ (hiding).
  3826 | D:5      | 3826 ||| Stepping ~*~*~tactically~*~*~ (stealth).
  3860 | D:5      | Reached skill level 1 in Dodging
  4396 | D:5      | Noticed Ijyb
  4402 | D:5      | Killed Ijyb
  4409 | D:5      | 4409 ||| UPGRADING to ring of protection from cold.
  4421 | D:6      | 4421 ||| PLANNING SEWER
  4460 | D:6      | 4460 ||| Stepping ~*~*~tactically~*~*~ (hiding).
  4461 | D:6      | 4461 ||| Stepping ~*~*~tactically~*~*~ (hiding).
  4476 | D:6      | 4476 ||| Stepping ~*~*~tactically~*~*~ (stealth).
  4550 | D:6      | Reached skill level 8 in Axes
  4550 | D:6      | Reached XP level 9. HP: 33/54 MP: 9/9
  4873 | D:6      | Reached skill level 6 in Fighting
  4933 | D:6      | Found a glowing drain.
  4937 | D:6      | 4937 ||| Stepping ~*~*~tactically~*~*~ (stealth).
  4938 | D:6      | 4938 ||| UPGRADING to amulet of faith.
  4954 | Sewer    | Entered a sewer
  4971 | Sewer    | 4971 ||| Stepping ~*~*~tactically~*~*~ (water).
  4977 | Sewer    | 4977 ||| Stepping ~*~*~tactically~*~*~ (stealth).
  5058 | Sewer    | 5058 ||| Stepping ~*~*~tactically~*~*~ (water).
  5400 | Sewer    | 5400 ||| READING scroll labelled ANODDUFEOZU.
  5420 | D:6      | 5420 ||| PLANNING D:1-11
  5565 | D:6      | Found a staircase to the Ecumenical Temple.
  5566 | D:6      | 5566 ||| PLANNING TEMPLE
  5566 | D:6      | 5566 ||| DROPPING scarf of invisibility.
  5573 | Temple   | Entered the Ecumenical Temple
  5601 | Temple   | 5601 ||| PLANNING OKAWARU WORSHIP
  5738 | Temple   | Became a worshipper of Warmaster Okawaru
  5739 | Temple   | 5739 ||| PLANNING D:1-11
  5945 | D:7      | 5945 ||| Stepping ~*~*~tactically~*~*~ (stealth).
  5946 | D:7      | 5946 ||| Stepping ~*~*~tactically~*~*~ (stealth).
  5974 | D:7      | Reached skill level 9 in Axes
  5991 | D:7      | Found a transporter.
  6021 | D:7      | Found an ornate altar of the Wu Jian Council.
  6022 | D:7      | 6022 ||| Stepping ~*~*~tactically~*~*~ (stealth).
  6063 | D:7      | 6063 ||| Stepping ~*~*~tactically~*~*~ (hiding).
  6071 | D:7      | 6071 ||| Stepping ~*~*~tactically~*~*~ (hiding).
  6076 | D:7      | Reached * piety under Okawaru
  6077 | D:7      | 6077 ||| INVOKING Heroism.
  6114 | D:7      | 6114 ||| DROPPING +0 mace.
  6173 | D:7      | Reached skill level 1 in Invocations
  6245 | D:7      | 6245 ||| Stepping ~*~*~tactically~*~*~ (hiding).
  6311 | D:7      | 6311 ||| INVOKING Heroism.
  6314 | D:7      | Reached skill level 3 in Invocations
  6595 | D:7      | 6595 ||| INVOKING Heroism.
  6620 | D:7      | Found an ancient bone altar of Kikubaaqudgha.
  6644 | D:7      | Found a transporter.
  6772 | D:7      | 6772 ||| READING scroll labelled YZURGHICEPS.
  6773 | D:7      | 6773 ||| READING scroll labelled PODARE QADDAOX.
  6773 | D:7      | Identified a scroll of acquirement
  6773 | D:7      | 6773 ||| ACQUIRING amulet "Qeosos" {Acrobat Harm rC++}
  6773 | D:7      | Acquired the amulet "Qeosos" {Acrobat Harm rC++}
  6818 | D:8      | 6818 ||| INVOKING Heroism.
  6824 | D:8      | Reached XP level 10. HP: 53/63 MP: 9/12
  6881 | D:8      | 6881 ||| DROPPING +1 antimagic flail.
  6882 | D:8      | 6882 ||| DROPPING +0 flail.
  6995 | D:8      | 6995 ||| Stepping ~*~*~tactically~*~*~ (stealth).
  7005 | D:8      | 7005 ||| Stepping ~*~*~tactically~*~*~ (hiding).
  7008 | D:8      | 7008 ||| INVOKING Heroism.
  7022 | D:8      | Reached skill level 10 in Axes
  7026 | D:8      | 7026 ||| INVOKING Heroism.
  7046 | D:8      | 7046 ||| Stepping ~*~*~tactically~*~*~ (stealth).
  7148 | D:8      | Reached ** piety under Okawaru
  7337 | D:8      | 7337 ||| UPGRADING to +0 helmet.
  7342 | D:8      | 7342 ||| READING scroll labelled DAACUPPUSEWK.
  7343 | D:8      | 7343 ||| DRINKING 2 fizzy silvery potions.
  7343 | D:8      | Gained mutation: You have sharp toenails. [potion of
                  | mutation]
  7343 | D:8      | Gained mutation: You are clumsy. (Dex -2) [potion of
                  | mutation]
  7343 | D:8      | Lost mutation: You are clumsy. (Dex -2) [potion of
                  | mutation]
  7344 | D:8      | 7344 ||| READING 3 scrolls of identify.
  7344 | D:8      | 7344 ||| IDENTIFYING golden potion
  7363 | D:9      | Noticed a two-headed ogre
  7364 | D:9      | 7364 ||| Stepping ~*~*~tactically~*~*~ (stealth).
  7365 | D:9      | 7365 ||| Stepping ~*~*~tactically~*~*~ (stealth).
  7414 | D:9      | Reached *** piety under Okawaru
  7440 | D:9      | 7440 ||| Stepping ~*~*~tactically~*~*~ (stealth).
  7456 | D:9      | Reached skill level 11 in Axes
  7457 | D:9      | Reached **** piety under Okawaru
  7458 | D:9      | Reached XP level 11. HP: 69/69 MP: 14/14
  7715 | D:9      | 7715 ||| INVOKING Heroism.
  7721 | D:9      | Killed a two-headed ogre
  7722 | D:9      | Reached skill level 9 in Fighting
  7791 | D:9      | Noticed Psyche
  7792 | D:9      | 7792 ||| INVOKING Heroism.
  7807 | D:9      | HP: 13/71 [something (21)]
  7809 | D:9      | Mangled by Psyche

Levels and vault maps discovered:
D:1:      matt_arrival_grand_opening, layout_loops_corners, serial_aquarium,
          aquarium_bridge_straight [aquarium_subvault_bridge,
          aquarium_subvault_window, aquarium_subvault_bridge,
          aquarium_subvault_balcony], aquarium_window_fake,
          aquarium_window_fake, aquarium_window_fake, aquarium_view_2b,
          aquarium_balcony_3a, aquarium_pool_double,
          chequers_ecumenical_altar_grove, st_stairs_14
D:2:      layout_basic
D:3:      layout_basic, nzn_overflow_gifts_of_might_and_magic,
          mainiacjoe_overflow_boulevard
D:4:      layout_rooms, mainiacjoe_overflow_divided_tiny, serial_shops, shop
D:5:      layout_layer_cave, mainiacjoe_overflow_catwalk_spiral, uniq_pikel,
          uniq_ijyb, uniq_duvessa
D:6:      layout_loops_ring, minmay_temple_entry_enclosed_plants,
          portal_sewer_entry_f
D:7:      gammafunk_steamed_eel, layout_basic, mainiacjoe_overflow_alcove_2,
          mainiacjoe_overflow_catwalk, roderic_batcave
D:8:      layout_rooms, minmay_fractal_squares_diagonal_5
D:9:      layout_roguey, uniq_psyche
Temple:   chequers_temple_sunken

Skill      XL: |  1  2  3  4  5  6  7  8  9 10 11 |
---------------+----------------------------------+-----
Axes           | 2 3 4 5 6 8 9 11 | 11.2
Throwing       | 1 |  1.8
Fighting       | 4 5 7 8 9 |  9.1
Armour         | 6 7 |  7.0
Dodging        | 1 |  1.2
Shields        | 4 5 |  5.3
Invocations    | 3 4 5 |  5.2

Action                     |  1- 3 |  4- 6 |  7- 9 | 10-12 || total
---------------------------+-------+-------+-------+-------++-------
  Melee: War axe           |    93 |   112 |   231 |   112 ||   548
         Kick              |       |       |       |    17 ||    17
         Unarmed           |       |       |       |     8 ||     8
  Throw: Javelin           |       |     4 |    11 |       ||    15
         Boomerang         |       |       |   106 |    25 ||   131
 Invoke: Heroism           |       |       |     4 |     4 ||     8
    Use: Scroll            |     7 |     1 |     6 |     2 ||    16
         Potion            |       |       |     1 |     1 ||     2
 Armour: Scale mail        |    37 |       |       |       ||    37
         Plate armour      |    18 |    85 |   159 |    80 ||   342
  Dodge: Dodged            |    30 |    26 |    58 |    33 ||   147
  Block: Buckler           |    15 |    19 |    43 |    31 ||   108

Table legend:
 A = Non-vault XP
 B = Vault XP
 C = Vault XP percentage of total XP
 D = Non-vault monster count
 E = Vault monster count
 F = Vault count percentage of total count
                 A         B        C        D         E       F
            +---------+---------+-------+---------+---------+-------
      Total |    8646 |    1828 |  17.5 |     158 |      59 |  27.2
            +---------+---------+-------+---------+---------+-------
        D:1 |      32 |       4 |  11.1 |      19 |       1 |   5.0
        D:2 |      69 |       0 |   0.0 |      15 |       0 |   0.0
        D:3 |      60 |      25 |  29.4 |      13 |       2 |  13.3
        D:4 |     492 |       0 |   0.0 |      16 |       0 |   0.0
        D:5 |     489 |     893 |  64.6 |      14 |       4 |  22.2
        D:6 |     672 |       8 |   1.2 |      16 |       4 |  20.0
        D:7 |    1418 |      70 |   4.7 |      28 |       9 |  24.3
        D:8 |    1888 |     552 |  22.6 |      19 |       8 |  29.6
        D:9 |    3526 |       0 |   0.0 |      18 |       0 |   0.0
      Sewer |       0 |     276 | 100.0 |       0 |      31 | 100.0
            +---------+---------+-------+---------+---------+-------
